 Dungeon Crawl Stone Soup version 0.18-a0-896-g1c42501 (webtiles) character file.

263 Proton the Shield-Bearer (level 6, 0/49 HPs)
             Began as a Formicid Fighter on Dec 24, 2015.
             Slain by an ogre
             ... wielding a +0 giant club
              (8 damage)
             ... on level 4 of the Dungeon.
             The game lasted 00:06:31 (2960 turns).

Proton the Shield-Bearer (Formicid Fighter)         Turns: 2960, Time: 00:06:31

Health: 0/49       AC:  7    Str: 22    XL:     6   Next: 42%
Magic:  6/6        EV:  9    Int:  8    God:
Gold:   166        SH:  9    Dex: 10    Spells: 0 memorised, 5 levels left

rFire  . . .     SeeInvis +     a - +0 long sword
rCold  . . .     Gourm    .     b - +0 scale mail
rNeg   . . .     Faith    .     c - +0 shield
rPois  .         Spirit   .     (helmet unavailable)
rElec  .         Dismiss  .     (no cloak)
rCorr  .         Reflect  .     (no gloves)
SustAt .         Harm     .     (no boots)
MR     .....                    (no amulet)
Stlth  ..........               (no ring)
                                (no ring)

@: not resistant to hostile enchantments, extremely unstealthy
A: permanent stasis, dig shafts and tunnels, four strong arms, antennae 3
a: Dig, Shaft Self


You were on level 4 of the Dungeon.
You were not hungry.

You visited 1 branch of the dungeon, and saw 5 of its levels.

You collected 166 gold pieces.

Inventory:

Hand Weapons
 a - a +0 long sword (weapon)
Armour
 b - a +0 scale mail (worn)
 c - a +0 shield (worn)
Wands
 q - a wand of digging (7/24)
Scrolls
 h - 3 scrolls of identify {unknown}
 k - 2 scrolls of blinking {unknown}
 m - a scroll of remove curse {unknown}
 n - a scroll of immolation {unknown}
 r - 2 scrolls of teleportation {unknown}
Potions
 d - a potion of might
 e - 2 potions of brilliance {unknown}
 g - a potion of heal wounds {unknown}
 i - a potion of beneficial mutation {unknown}
 l - a potion of curing
 o - a potion of agility
 p - a potion of poison {unknown}
Comestibles
 f - a bread ration
 j - 2 beef jerkies
 s - 4 fruits


   Skills:
 + Level 4.4 Fighting
 + Level 3.2 Long Blades
 + Level 4.4 Armour
 + Level 2.4 Dodging
 + Level 4.5 Shields


You had 5 spell levels left.
You didn't know any spells.

Dungeon Overview and Level Annotations

Branches:
Dungeon (5/15)
 Temple: D:4-7

Altars:
Nemelex Xobeh
Zin

Annotations:
D:3 ZiggyStardust's ghost, amateur OgWz


Innate Abilities, Weirdness & Mutations

You are under a permanent stasis effect.
You can dig through walls and to a lower floor.
Your four strong arms can wield two-handed weapons with a shield.
You have a pair of large antennae on your head (SInv).


Message History

The orc barely misses you.
You hit the orc.
You kill the orc!
The orc wizard hits you but does no damage.
The orc wizard gestures at you while chanting.
The puff of frost hits you!
* * * LOW HITPOINT WARNING * * *
An orc comes into view. It is wielding a vampiric dagger.
The orc shouts!
The orc drinks a potion.
The orc suddenly seems more resistant.
You block the orc wizard's attack. The orc wizard casts a spell at you.
The puff of flame hits you!
* * * LOW HITPOINT WARNING * * *
There is a stone staircase leading up here.
The orc wizard miscasts a cantrip.
The orc wizard points at you and mumbles some strange words.
The puff of flame misses you.
You climb upwards.
The ogre hits you with a giant club!
You die...

...................#...
....###..#####...#.# ..
.........#.......#.# .
..#..#.##.#.....#.#
#.......##....#
#..#.####.....#
#......##.....#
#..O...#♣♣......
#...@..# .......#
##..<...# _.....##
#...#...#♣......#
#.#.....#.♣.....#
#.###...# #.#####.##
#........## #######.#.#
#...#


You could see an ogre.

Vanquished Creatures
  An ogre (D:4)
  A worker ant (D:4)
  5 adders
  4 gnolls
  An ooze (D:1)
  5 worms
  A giant gecko (D:3)
  2 orcs
  4 bats
  A giant cockroach (D:2)
  11 hobgoblins
  A quokka (D:2)
  3 giant newts
  12 goblins
  A kobold (D:2)
  4 rats
57 creatures vanquished.

Vanquished Creatures (others)
  An ogre (D:5)
  A scorpion (D:5)
  An orc (D:5)
  A quokka (D:5)
4 creatures vanquished.

Grand Total: 61 creatures vanquished

Notes
Turn   | Place    | Note
--------------------------------------------------------------
     0 | D:1      | Proton the Formicid Fighter began the quest for the Orb.
     0 | D:1      | Reached XP level 1. HP: 18/18 MP: 1/1
    62 | D:1      | Reached XP level 2. HP: 24/24 MP: 2/2
   389 | D:1      | Reached XP level 3. HP: 27/29 MP: 3/3
   969 | D:2      | Reached skill level 4 in Shields
  1015 | D:2      | Found a sparkling altar of Nemelex Xobeh.
  1031 | D:2      | Reached skill level 1 in Dodging
  1031 | D:2      | Reached XP level 4. HP: 36/36 MP: 4/4
  1444 | D:2      | Reached XP level 5. HP: 12/42 MP: 5/5
  2103 | D:3      | Noticed a sky beast
  2461 | D:3      | Noticed ZiggyStardust's ghost (amateur OgWz)
  2836 | D:4      | Found a glowing silver altar of Zin.
  2844 | D:4      | Noticed an ogre
  2845 | D:4      | Noticed an ogre
  2857 | D:4      | Killed an ogre
  2857 | D:4      | Reached XP level 6. HP: 46/49 MP: 6/6
  2891 | D:5      | Entered Level 5 of the Dungeon
  2960 | D:4      | Slain by an ogre

Vault maps used:
D:1:      saegor_arrival_simple_d
D:2:      nemelex_deck
D:3:      tgw_fedhas, first_bread
D:4:      demons_altar, zin_academy, gammafunk_temple_overflow_wave,
          serial_shops, nicolae_shop_stone, elyvilon_altar_4
D:5:      okawaru_metal_pillars_1_2, gup_sewer_entry_pipe, xom_confusion_cloud

Action                   |  1- 3 |  4- 6 || total
-------------------------+-------+-------++-------
Melee: Long sword        |   108 |   201 ||   309
  Use: Potion            |       |     2 ||     2
  Eat: Chunk             |       |     5 ||     5
       Bread ration      |       |     1 ||     1
